[ AOE2 MATCH · #485024459 ]
UnrankedRomans vs Spanish
Player's team · WIN
Rival team · LOSS
[ REPLAY ANALYSIS · EXTRACTED FROM THE RECORDED GAME ]
Feudal
9:41
Castle
—
Imperial
—
| APM avg | 47.2 |
| APM peak | 83 |
| eAPM avg | 19.2 |
| Villagers / military | 40 / 7 |
Focus
⚔️ 32.1% · 🌾 67.9%
Fishing Ship ×7 · Scout Cavalry ×7
Feudal
10:50
Castle
—
Imperial
—
| APM avg | 43.1 |
| APM peak | 81 |
| eAPM avg | 15.3 |
| Villagers / military | 37 / 0 |
Focus
⚔️ 29.2% · 🌾 70.8%
Fishing Ship ×6
Match map
Initial resources + every placement click. Lines = walls · curves = elevation contours. ◆ gold · ⬟ stone · ● berries · ✦ relic · ◌ wall gap
Your base· Open — 7t gap
niyen's base· Open — unwalled flank
Smoothed initial terrain · ◌ = detected wall gap · hover for details
Inputs per minute
— El Bicho! - - niyen
Build order — El Bicho!
90 actions detected in the replay
| 0:00 | Create | Villager (Male) |
| 0:00 | Create | Villager (Male) |
| 0:01 | Create | Villager (Male) |
| 0:01 | Create | Villager (Male) |
| 0:02 | Build | House |
| 0:03 | Build | House |
| 1:27 | Create | Villager (Male) |
| 1:43 | Build | Lumber Camp |
| 2:06 | Create | Villager (Male) |
| 2:06 | Create | Villager (Male) |
| 2:25 | Create | Villager (Male) |
| 2:44 | Create | Villager (Male) |
| 3:06 | Create | Villager (Male) |
| 3:06 | Create | Villager (Male) |
| 3:10 | Build | House |
| 3:53 | Create | Villager (Male) |
| 4:20 | Create | Villager (Male) |
| 4:20 | Create | Villager (Male) |
| 4:22 | Build | Dock |
| 4:44 | Create | Villager (Male) |
| 4:44 | Create | Villager (Male) |
| 5:05 | Create | Fishing Ship |
| 5:09 | Build | House |
| 5:34 | Create | Villager (Male) |
| 5:35 | Create | Villager (Male) |
| 5:35 | Create | Villager (Male) |
| 5:40 | Create | Fishing Ship |
| 6:11 | Create | Villager (Male) |
| 6:11 | Create | Villager (Male) |
| 6:12 | Create | Villager (Male) |
| 6:12 | Create | Villager (Male) |
| 6:18 | Create | Fishing Ship |
| 6:20 | Build | Palisade Wall |
| 6:22 | Build | Palisade Wall |
| 6:23 | Build | Palisade Wall |
| 6:29 | Create | Villager (Male) |
| 6:38 | Create | Villager (Male) |
| 6:41 | Build | House |
| 6:43 | Create | Villager (Male) |
| 6:54 | Build | House |
| 6:55 | Build | House |
| 6:58 | Create | Villager (Male) |
| 7:19 | Research | Feudal Age |
| 7:19 | Research | Loom |
| 7:46 | Create | Fishing Ship |
| 8:02 | Build | House |
| 8:06 | Build | Palisade Wall |
| 8:09 | Create | Villager (Male) |
| 8:31 | Build | Palisade Wall |
| 8:41 | Create | Villager (Male) |
| 8:57 | Build | Palisade Wall |
| 9:05 | Create | Villager (Male) |
| 9:19 | Build | Barracks |
| 9:31 | Create | Villager (Male) |
| 9:40 | Create | Fishing Ship |
| 9:40 | Create | Fishing Ship |
| 9:41 | Age | Feudal Age |
| 9:50 | Build | Palisade Wall |
| 9:51 | Build | Palisade Wall |
| 9:56 | Build | Stable |
| 10:04 | Create | Villager (Male) |
| 10:18 | Build | Palisade Wall |
| 10:26 | Create | Scout Cavalry |
| 10:26 | Create | Scout Cavalry |
| 10:26 | Create | Scout Cavalry |
| 10:27 | Create | Scout Cavalry |
| 10:49 | Create | Scout Cavalry |
| 10:50 | Create | Villager (Male) |
| 11:03 | Build | Blacksmith |
| 11:08 | Build | Mill |
| 11:15 | Research | Double-Bit Axe |
| 11:16 | Create | Fishing Ship |
| 11:36 | Create | Villager (Male) |
| 11:43 | Build | Farm |
| 11:44 | Build | Farm |
| 11:50 | Create | Villager (Male) |
| 11:50 | Create | Villager (Male) |
| 11:59 | Build | Farm |
| 12:26 | Research | Forging |
| 12:27 | Create | Villager (Male) |
| 12:49 | Create | Villager (Male) |
| 12:52 | Create | Scout Cavalry |
| 12:52 | Create | Scout Cavalry |
| 12:55 | Build | Farm |
| 12:56 | Build | Farm |
| 12:58 | Build | Farm |
| 12:59 | Create | Villager (Male) |
| 13:14 | Create | Villager (Male) |
| 13:17 | Build | Farm |
| 13:21 | Research | Horse Collar |
Build order — niyen
66 actions detected in the replay
| 0:01 | Create | Villager (Male) |
| 0:02 | Build | House |
| 0:04 | Build | House |
| 0:05 | Build | House |
| 0:09 | Create | Villager (Male) |
| 0:10 | Create | Villager (Male) |
| 0:10 | Create | Villager (Male) |
| 0:10 | Create | Villager (Male) |
| 1:29 | Create | Villager (Male) |
| 1:29 | Create | Villager (Male) |
| 2:09 | Create | Villager (Male) |
| 2:09 | Create | Villager (Male) |
| 2:14 | Build | Lumber Camp |
| 2:36 | Create | Villager (Male) |
| 2:37 | Create | Villager (Male) |
| 3:06 | Create | Villager (Male) |
| 3:06 | Create | Villager (Male) |
| 3:29 | Create | Villager (Male) |
| 3:29 | Create | Villager (Male) |
| 3:59 | Create | Villager (Male) |
| 4:00 | Create | Villager (Male) |
| 4:24 | Create | Villager (Male) |
| 4:24 | Create | Villager (Male) |
| 4:37 | Build | Dock |
| 4:45 | Create | Villager (Male) |
| 4:45 | Create | Villager (Male) |
| 5:07 | Create | Villager (Male) |
| 5:07 | Create | Villager (Male) |
| 5:10 | Create | Villager (Male) |
| 5:10 | Create | Villager (Male) |
| 5:17 | Build | Mill |
| 5:23 | Build | House |
| 5:58 | Create | Villager (Male) |
| 5:58 | Create | Villager (Male) |
| 6:18 | Create | Fishing Ship |
| 6:18 | Create | Fishing Ship |
| 6:42 | Create | Villager (Male) |
| 7:07 | Create | Villager (Male) |
| 7:22 | Create | Fishing Ship |
| 7:22 | Create | Fishing Ship |
| 7:33 | Create | Villager (Male) |
| 7:56 | Build | Mining Camp |
| 8:06 | Create | Villager (Male) |
| 8:13 | Research | Loom |
| 8:17 | Build | House |
| 8:24 | Create | Fishing Ship |
| 8:40 | Research | Feudal Age |
| 8:40 | Research | Feudal Age |
| 9:14 | Create | Villager (Male) |
| 9:26 | Create | Fishing Ship |
| 10:34 | Build | House |
| 10:50 | Build | Mill |
| 10:50 | Age | Feudal Age |
| 11:08 | Create | Villager (Male) |
| 11:12 | Build | Blacksmith |
| 11:21 | Build | Mining Camp |
| 11:35 | Create | Villager (Male) |
| 11:47 | Build | House |
| 11:57 | Build | House |
| 12:06 | Create | Villager (Male) |
| 12:25 | Build | Palisade Wall |
| 12:28 | Build | Palisade Wall |
| 12:37 | Create | Villager (Male) |
| 12:45 | Create | Villager (Male) |
| 12:55 | Build | Barracks |
| 13:02 | Build | Dock |
Match timeline
| 4:22 | El Bicho! · first_building Dock |
| 4:37 | niyen · first_building Dock |
| 6:20 | El Bicho! · wall_segment Palisade Wall x1 |
| 6:22 | El Bicho! · wall_segment Palisade Wall x1 |
| 6:23 | El Bicho! · wall_segment Palisade Wall x1 |
| 8:06 | El Bicho! · wall_segment Palisade Wall x6 |
| 8:31 | El Bicho! · wall_segment Palisade Wall x9 |
| 8:57 | El Bicho! · wall_segment Palisade Wall x1 |
| 9:19 | El Bicho! · first_building Barracks |
| 9:41 | El Bicho! · age_up feudal |
| 9:50 | El Bicho! · wall_segment Palisade Wall x1 |
| 9:51 | El Bicho! · wall_segment Palisade Wall x1 |
| 9:56 | El Bicho! · first_building Stable |
| 10:18 | El Bicho! · wall_segment Palisade Wall x7 |
| 10:50 | niyen · age_up feudal |
| 12:25 | niyen · wall_segment Palisade Wall x1 |
| 12:28 | niyen · wall_segment Palisade Wall x1 |
| 12:55 | niyen · first_building Barracks |
| 13:29 | niyen · resign |
[ AI ANALYSIS · 1 CREDIT ]
What really happened in this match?
Wolo.gg analyzes every decision: build order, eco, micro, common mistakes by bracket. Personalized analysis on WhatsApp or Discord in 30 seconds.
Civ guide
Romans
Perfil
El Bicho!